 Dungeon Crawl Stone Soup version 0.30-b1-5-g8e6c1be481 (webtiles) character file.

Game seed: 12267930657689323239

586 RascalDebosk the Magician (level 7, -1/53 HPs)
             Began as a Djinni Conjurer on May 3, 2023.
             Slain by a black bear (8 damage)
             ... on level 4 of the Dungeon.
             The game lasted 00:48:07 (5033 turns).

RascalDebosk the Magician (Djinni Conjurer)         Turns: 5033, Time: 00:48:08

Health: -1/53      AC:  7    Str:  6    XL:     7   Next: 65%
Gold:   224        EV:  9    Int: 24    God:
                   SH:  0    Dex: 11

rFire   + + .        n - +0 hand axe "Tinar" {heavy, Int+2}
rCold   . . .        (no shield)
rNeg    . . .        k - +0 ring mail
rPois   ∞            h - +0 helmet
rElec   .            B - +0 cloak
rCorr   .            (no gloves)
SInv    .            (boots unavailable)
Will    .....        (no amulet)
Stlth   +            e - ring of protection from cold
HPRegen 0.28/turn    (no ring)
MPRegen 0.00/turn

%: infuse magic (-2 HP)
@: stuck, flying, slightly contaminated
A: sickness immunity, fire resistance 2, cold vulnerability 1, float, innate
caster, HP casting, extra vitality 1
a: no special abilities


You were on level 4 of the Dungeon.
You visited 1 branch of the dungeon, and saw 4 of its levels.
You also visited: Sewer.

You collected 224 gold pieces.

Inventory:

Hand Weapons
 m - a +0 short sword
 n - the +0 hand axe "Tinar" (weapon) {heavy, Int+2}
   (You found it on level 2 of the Dungeon)

   Int:       It affects your intelligence (+2).
Missiles
 g - 2 throwing nets {@!f}
Armour
 h - a +0 helmet (worn)
 k - a +0 ring mail (worn)
 o - a +0 scale mail
 y - a +0 scale mail of cold resistance
 B - a +0 cloak (worn)
Jewellery
 e - a ring of protection from cold (left hand)
Wands
 r - a wand of mindburst (3)
Scrolls
 b - 2 scrolls of immolation {unknown}
 d - 2 scrolls of acquirement {unknown}
 f - 6 scrolls of identify {unknown}
 i - a scroll of butterflies {unknown}
 l - a scroll of amnesia {unknown}
 q - a scroll of fog {unknown}
 s - a scroll of poison {unknown}
 t - a scroll of fear {unknown}
 u - a scroll of blinking {unknown}
 A - a scroll of brand weapon {unknown}
Potions
 a - a potion of curing {unknown}
 c - a potion of ambrosia {unknown}
 j - 2 potions of haste {unknown}
 p - 2 potions of magic {unknown}
 v - 2 potions of heal wounds {unknown}
 w - 3 potions of mutation {unknown}
 x - a potion of invisibility {unknown}
 z - a potion of resistance {unknown}
 C - a potion of berserk rage {unknown}


   Skills:
 * Level 4.7 Fighting
 + Level 3.0 Armour
 - Level 2.1 Dodging
 - Level 1.5 Stealth
 * Level 4.9 Spellcasting


You knew the following spells:

 Your Spells              Type           Power      Damage    Failure   Level
a - Magic Dart            Conj           100%       1d8       4%          1
b - Searing Ray           Conj           58%        2d6       6%          2
c - Dazzling Flash        Conj/Hex       58%        N/A       13%         3
d - Fulminant Prism       Conj/Hex       14%        3d8       38%         4
e - Iskenderun's Mystic   Conj/Tloc      29%        2d7       38%         4
f - Freeze                Ice            100%       1d10      4%          1
g - Lesser Beckoning      Tloc           58%        N/A       6%          2
h - Volatile Blastmotes   Fire/Tloc      58%        2d14      13%         3
Your spell library was empty.

Dungeon Overview and Level Annotations

Branches:
Dungeon (4/15)              Sewer (visited)
 Temple: D:4-7

Altars:
Fedhas
Hepliaklqana
Qazlal


Innate Abilities, Weirdness & Mutations

You are immune to sickness and miasma.
You are immune to poison.
Your flesh is very heat resistant. (rF++)
You are vulnerable to cold. (rC-)
You float through the air rather than walking.
You learn spells naturally, not from books.
Your magical power is your life essence.
You have superior vitality. (+4 MHP)


Message History

A hound comes into view.
Casting: Magic Dart (safe; 4% risk of failure)
Confirm with . or Enter, or press ? or * to list all spells.
Aiming: Magic Dart (safe; 4% risk of failure)
Press: ? - help, Shift-Dir - straight line, f - hound
Aim: a hound (wandering, hasn't noticed you, 100% to hit)
The magic dart hits the hound but does no damage.
The hound barks!
Casting: Magic Dart (safe; 4% risk of failure)
Confirm with . or Enter, or press ? or * to list all spells.
Aiming: Magic Dart (safe; 4% risk of failure)
Press: ? - help, Shift-Dir - straight line, f/p - hound
Aim: a hound (100% to hit)
The magic dart hits the hound.
The hound is moderately wounded.
Casting: Magic Dart (safe; 4% risk of failure)
Confirm with . or Enter, or press ? or * to list all spells.
Aiming: Searing Ray (safe; 7% risk of failure)
Press: ? - help, Shift-Dir - straight line, f/p - hound
Aim: a hound (moderately wounded, 71% to hit)
The searing ray hits the hound.
The hound is severely wounded. (Press . to maintain the ray.)
The searing ray misses the hound.
The searing ray hits the hound!
You kill the hound!
A quokka comes into view.
Casting: Searing Ray (safe; 6% risk of failure)
Confirm with . or Enter, or press ? or * to list all spells.
Aiming: Magic Dart (safe; 4% risk of failure)
Press: ? - help, Shift-Dir - straight line, f - quokka
Aim: a quokka (wandering, hasn't noticed you, 100% to hit)
The magic dart hits the quokka!
You kill the quokka!
A black bear comes into view.
The black bear growls angrily.
The black bear moves out of view.
A black bear is nearby!
Casting: Magic Dart (safe; 4% risk of failure)
Confirm with . or Enter, or press ? or * to list all spells.
Aiming: Searing Ray (safe; 6% risk of failure)
Press: ? - help, Shift-Dir - straight line, f - black bear
Aim: a black bear (85% to hit)
The searing ray hits the black bear!
The black bear is moderately wounded. (Press . to maintain the ray.)
The searing ray hits the black bear!
The black bear is heavily wounded.
The searing ray hits the black bear.
The black bear is severely wounded.
The black bear goes berserk!
The searing ray misses the black bear.
You finish channelling your searing ray.
The black bear bites you. The black bear claws you.
The black bear barely misses you. The black bear misses you.
The black bear claws you but does no damage.
The black bear closely misses you.
The black bear bites you but does no damage.
The black bear closely misses you.
The black bear claws you but does no damage.
Casting: Searing Ray (safe; 6% risk of failure)
Confirm with . or Enter, or press ? or * to list all spells.
The spell is quite dangerous to miscast (38% risk of failure)!
Continue anyway?
You miscast Iskenderun's Mystic Blast.
You are very lightly contaminated with residual magic.
Space warps crazily around you.
You are magically locked in place.
The black bear bites you! The black bear barely misses you.
The black bear claws you but does no damage.
The black bear bites you but does no damage.
The black bear claws you but does no damage. x2
Casting: Iskenderun's Mystic Blast (quite dangerous; 38% risk of failure)
Confirm with . or Enter, or press ? or * to list all spells.
The spell is quite dangerous to miscast (38% risk of failure)!
Continue anyway?
You miscast Iskenderun's Mystic Blast.
Nothing appears to happen.
* * * LOW HITPOINT WARNING * * *
The black bear bites you.
* * * LOW HITPOINT WARNING * * *
The black bear claws you.
* * * LOW HITPOINT WARNING * * *
The black bear claws you.
* * * LOW HITPOINT WARNING * * *
Casting: Iskenderun's Mystic Blast (quite dangerous; 38% risk of failure)
Confirm with . or Enter, or press ? or * to list all spells.
The spell is quite dangerous to miscast (38% risk of failure)!
Continue anyway?
You miscast Iskenderun's Mystic Blast.
You are lightly contaminated with residual magic.
The floor and the ceiling briefly switch places.
You are magically locked in place.
* * * LOW HITPOINT WARNING * * *
The black bear completely misses you.
The black bear claws you but does no damage.
The black bear claws you.
* * * LOW HITPOINT WARNING * * *
The black bear closely misses you. x2; The black bear claws you.
* * * LOW HITPOINT WARNING * * *
Unknown command.
You closely miss the black bear.
The black bear is severely wounded.
The black bear bites you!
You die...

##### ####### #...
#.....# #.. #.###.#
#.# #.#
##.....#####h##....#
#...........@...#
#......#####.####
#..###.# #...
#......# #.....
#.###### ####### #.#
#.# ##.## #...#


You could see a black bear (berserk).

Vanquished Creatures
  An ogre (D:4)
  A kobold brigand (Sewer)
  An orc priest (D:3)
  A hound (D:4)
  A sleepcap (D:4)
  Crazy Yiuf (D:3)
  Terence (D:2)
  An orc wizard (D:4)
  Robin (D:2)
  7 adders
  2 river rats (Sewer)
  3 worms
  A dart slug (D:2)
  18 orcs
  9 ball pythons
  9 endoplasms
  7 giant cockroaches
  15 goblins
  10 hobgoblins
  22 kobolds
  7 quokkas
  A bat (D:2)
  8 frilled lizards
  28 rats
  A spectral goblin (D:3)
157 creatures vanquished.

Vanquished Creatures (others)
  2 fulminant prisms
2 creatures vanquished.

Grand Total: 159 creatures vanquished

Notes
Turn   | Place    | Note
-------+----------+-------------------------------------------
     0 | D:1      | RascalDebosk the Djinni Conjurer began the quest for the
                  | Orb.
     0 | D:1      | RascalDebosk set off with the following spells memorised:
                  | Magic Dart, Searing Ray, Dazzling Flash, Fulminant Prism,
                  | Iskenderun's Mystic Blast.
     0 | D:1      | Reached XP level 1. HP: 15/15 MP: 0/0
   171 | D:1      | Reached skill level 1 in Fighting
   179 | D:1      | Reached XP level 2. HP: 22/22 MP: 0/0
   244 | D:1      | Found a faded altar of an unknown god.
   880 | D:2      | Reached XP level 3. HP: 23/27 MP: 0/0
   880 | D:2      | Learned a level 1 spell: Freeze
  1073 | D:2      | Identified the +0 hand axe "Tinar" {heavy, Int+2}
  1086 | D:2      | Noticed Terence
  1092 | D:2      | Killed Terence
  1093 | D:2      | Reached skill level 1 in Armour
  1093 | D:2      | Reached XP level 4. HP: 25/33 MP: 0/0
  1141 | D:2      | Noticed Robin
  1178 | D:2      | Killed Robin
  1202 | D:2      | HP: 1/34 [goblin/+0 dagger[Robin] (2)]
  1497 | D:2      | Found a stormy altar of Qazlal.
  1759 | D:2      | Reached XP level 5. HP: 35/39 MP: 0/0
  1759 | D:2      | Learned a level 2 spell: Lesser Beckoning
  2595 | D:3      | Found a glowing drain.
  2601 | Sewer    | Entered a sewer
  2960 | Sewer    | Reached XP level 6. HP: 45/46 MP: 0/0
  3079 | Sewer    | HP: 1/46 [kobold brigand/+0 club (3)]
  3659 | D:3      | Found a blossoming altar of Fedhas.
  4005 | D:3      | Found a runed translucent door.
  4006 | D:3      | Noticed Crazy Yiuf
  4390 | D:3      | Found a hazy altar of Hepliaklqana.
  4420 | D:3      | Reached XP level 7. HP: 51/52 MP: 0/0
  4420 | D:3      | Learned a level 3 spell: Volatile Blastmotes
  4581 | D:3      | Killed Crazy Yiuf
  5033 | D:4      | Slain by a black bear

Illustrated notes

Levels and vault maps discovered:
D:1:      nicolae_arrival_washed_ashore, layout_basic,
          hellmonk_ecumenical_altar_heavens_door, minmay_misc_feat_ornament,
          minmay_rat_gold_closets
D:2:      layout_basic, basic_altar, kennysheep_generic_room_7, uniq_robin,
          uniq_terence
D:3:      layout_loops_ring, mainiacjoe_overflow_boulevard,
          nicolae_hepliaklqana_monster_ancestors, gup_sewer_entry_bubbles,
          uniq_crazy_yiuf_cottage
D:4:      layout_loops_cross, hangedman_decor_points

Skill      XL: |  1  2  3  4  5  6  7 |
---------------+----------------------+-----
Fighting       | 1 2 3 4 |  4.7
Armour         | 1 2 3 |  3.0
Spellcasting   | 4 |  4.9
Dodging        | |  2.1
Stealth        | |  1.5

Action                     |  1- 3 |  4- 6 |  7- 9 || total
---------------------------+-------+-------+-------++-------
  Melee: Hand axe          |       |    50 |     5 ||    55
   Cast: Magic Dart        |    48 |   117 |    12 ||   177
         Searing Ray       |     5 |    29 |    10 ||    44
         Fulminant Prism   |       |     2 |       ||     2
         Iskenderun's Myst |       |     1 |     1 ||     2
         Volatile Blastmot |       |       |     3 ||     3
 Armour: Scale mail        |       |    25 |       ||    25
         Ring mail         |       |    24 |    14 ||    38
  Dodge: Dodged            |     1 |    48 |    10 ||    59
